 Dungeon Crawl Stone Soup version 0.24.0-13-gcf9b319 (webtiles) character file.

Game seed: 4263643132929337078, levelgen mode: deterministic

77 Fang the Skirmisher (level 4, -2/43 HPs)
             Began as a Gargoyle Berserker on Nov 13, 2019.
             Was a Believer of Trog.
             Blown up by Ijyb (18 damage)
             ... with a disintegration bolt
             ... on level 3 of the Dungeon.
             The game lasted 00:01:19 (1561 turns).

Fang the Skirmisher (Gargoyle Berserker)            Turns: 1561, Time: 00:01:19

Health: -2/43      AC: 14    Str: 26    XL:     4   Next: 33%
Magic:  4/4        EV:  9    Int:  8    God:    Trog [**....]
Gold:   80         SH:  0    Dex:  9    Spells: 3/3 levels left

rFire    . . .     SeeInvis .   a - +0 hand axe
rCold    . . .     Gourm    .   (no shield)
rNeg     + . .     Faith    .   b - +0 chain mail
rPois    ∞         Spirit   .   (no helmet)
rElec    +         Reflect  .   (no cloak)
rCorr    .         Harm     .   (no gloves)
MR       .....                  (no boots)
Stlth    ..........             (no amulet)
HPRegen  0.14/turn              g - +2 ring of protection
MPRegen  0.09/turn              (no ring)

@: berserking, very quick
A: negative energy resistance 1, electricity resistance, unbreathing,
petrification resistance, rot immunity, AC +3
a: Berserk, Trog's Hand, Renounce Religion


You were on level 3 of the Dungeon.
You worshipped Trog.
Trog was pleased with you.
You were very hungry.

You visited 1 branch of the dungeon, and saw 3 of its levels.

You collected 80 gold pieces.

Inventory:

Hand Weapons
 a - a +0 hand axe (weapon)
Armour
 b - a +0 chain mail (worn)
Jewellery
 g - a +2 ring of protection (left hand)
Scrolls
 d - a scroll of teleportation {unknown}
 e - 4 scrolls of identify {unknown}
 h - 2 scrolls of immolation {unknown}
 k - 3 scrolls of enchant armour {unknown}
 l - a scroll of blinking {unknown}
 p - 2 scrolls of amnesia {unknown}
 q - a scroll of enchant weapon {unknown}
Potions
 i - a potion of experience {unknown}
 j - 4 potions of flight {unknown}
 m - 2 potions of curing {unknown}
 n - a potion of brilliance {unknown}
 o - 2 potions of ambrosia {unknown}
Comestibles
 c - 8 rations
 f - 2 chunks of flesh


   Skills:
 + Level 4.0 Fighting
 + Level 3.2 Axes
 + Level 3.1 Armour
 + Level 2.3 Dodging


You had 3 spell levels left.
You didn't know any spells.
Your spell library was empty.

Dungeon Overview and Level Annotations

Branches:
Dungeon (3/15)

Altars:
Qazlal

Annotations:
D:3 Ijyb


Innate Abilities, Weirdness & Mutations

You are resistant to torment.
Your stone body is resilient. (AC +3)
You are immune to poison.
You resist negative energy. (rN+)
You are resistant to electric shocks. (rElec)
You can survive without breathing.
You are immune to petrification.
You are immune to rotting.


Message History

You closely miss Ijyb.
Ijyb is moderately wounded.
Ijyb screams, "Me kill you!" Ijyb completely misses you.
You closely miss Ijyb.
Ijyb is moderately wounded.
Ijyb barely misses you.
You completely miss Ijyb.
Ijyb is moderately wounded.
Ijyb zaps a wand.
You are blasted!
You are too injured to fight recklessly!
You are too injured to fight recklessly!
You are too injured to fight recklessly!
You are too injured to fight recklessly!
You are too injured to fight recklessly!
A red film seems to cover your vision as you go berserk!
You feel yourself moving faster!
You feel mighty!
You are feeling very hungry.
Ijyb zaps a wand.
You are blasted!
You die...

##### #############....
. ................. ...
############..###
.##..############...##
.....og@.?........######
...##o##########........
.g .....####.######. ##
#.......<.# .#####.###
#.(.# #...### ....## ...


You could see Ijyb, 2 orcs and a goblin.

Vanquished Creatures
  An adder (D:2)
  A worm (D:2)
  A leopard gecko (D:2)
  2 orcs (D:3)
  3 bats
  3 giant cockroaches
  7 goblins
  5 hobgoblins (D:1)
  10 jackals (D:1)
  7 kobolds
  A quokka (D:3)
  5 frilled lizards
  9 rats
55 creatures vanquished.

Notes
Turn   | Place    | Note
-------+----------+-------------------------------------------
     0 | D:1      | Fang the Gargoyle Berserker began the quest for the Orb.
     0 | D:1      | Reached XP level 1. HP: 14/14 MP: 1/1
    96 | D:1      | Reached XP level 2. HP: 19/19 MP: 2/2
   404 | D:1      | Reached ** piety under Trog
   411 | D:1      | Reached XP level 3. HP: 22/23 MP: 3/3
   412 | D:1      | You fall into a shaft and drop 1 floor!
   743 | D:2      | Found a stormy altar of Qazlal.
  1046 | D:2      | Reached XP level 4. HP: 27/29 MP: 4/4
  1537 | D:3      | Noticed Ijyb
  1545 | D:3      | Reached skill level 4 in Fighting
  1561 | D:3      | Blown up by Ijyb

Levels and vault maps discovered:
D:1:      lemuel_arrival_river_bridge, layout_basic,
          minmay_misc_feat_secret_circle, minivault_24
D:2:      layout_loops_ring, minmay_misc_feat_x, nicolae_qazlal_eye_of_the_storm
D:3:      layout_rooms, lemuel_crystal_altar, first_ration, minivault_24,
          uniq_ijyb

Skill      XL: |  1  2  3  4 |
---------------+-------------+-----
Axes           | 3 |  3.2
Dodging        | 2 |  2.3
Armour         | 3 |  3.1
Fighting       | 4 |  4.0

Action                   |  1- 3 |  4- 6 || total
-------------------------+-------+-------++-------
Melee: Hand axe          |   157 |    59 ||   216
Invok: Berserk           |       |     1 ||     1
  Eat: Chunk             |     1 |     1 ||     2
Armor: Animal skin       |     2 |       ||     2
       Chain mail        |    96 |    43 ||   139
Dodge: Dodged            |    96 |    37 ||   133
